 Dungeon Crawl Stone Soup version 0.20.1-1-g8b1a95d (webtiles) character file.

13570 roguesci the Covert (level 12, -8/100 HPs)
             Began as a Naga Transmuter on Aug 5, 2017.
             Was the Champion of Cheibriados.
             Mangled by a yak (12 damage)
             ... on level 1 of the Lair of Beasts on Aug 6, 2017.
             The game lasted 01:01:14 (14890 turns).

roguesci the Covert (Naga Transmuter)              Turns: 14890, Time: 01:01:15

Health: -8/100     AC:  2    Str: 29    XL:     12   Next: 7%
Magic:  22/24      EV: 16    Int: 30    God:    Cheibriados [******]
Gold:   174        SH:  0    Dex: 32    Spells: 15/27 levels left

rFire    . . .     SeeInvis +     - Unarmed
rCold    . . .     Gourm    .   (shield currently unavailable)
rNeg     . . .     Faith    .   (armour currently unavailable)
rPois    x         Spirit   .   (helmet currently unavailable)
rElec    .         Reflect  .   (cloak currently unavailable)
rCorr    .         Harm     .   (gloves currently unavailable)
MR       +....                  (no barding)
Stlth    +++++.....             y - amulet of magic regeneration
Regen    0.3/turn               r - +3 ring of slaying
MPRegen  0.3/turn               (no ring)

@: spider-form, held, studying Staves, very slow
A: repulsion field 1, see invisible, dopey 1, frail 1, slow metabolism 1, spit
poison 2, wild magic 1, AC +4
a: Breathe Poison Gas, End Transformation, Bend Time, Temporal Distortion,
Slouch, Step From Time, Renounce Religion


You were on level 1 of the Lair of Beasts.
You worshipped Cheibriados.
Cheibriados was exalted by your worship.
You were not hungry.
You were a venomous arachnid creature.
You visited 2 branches of the dungeon, and saw 12 of its levels.

You collected 669 gold pieces.
You spent 495 gold pieces at shops.

Inventory:

Hand Weapons
 n - a +0 hunting sling
 w - a +5 whip of pain (melded)
Missiles
 h - 373 stones (quivered)
 M - 2 throwing nets
Armour
 e - a +0 cloak (melded)
 v - the +3 scale mail of Compression (melded) {rF+ Dex+3}
   (You found it on level 5 of the Dungeon)

   It affects your dexterity (+3).
   It protects you from fire.
 P - a +0 helmet (melded)
 Q - a +2 robe of cold resistance
 U - +0 steam dragon scales
 V - a +1 pair of gloves (melded)
Jewellery
 r - a +3 ring of slaying (left front leg)
 y - an amulet of magic regeneration (around neck)
Wands
 t - a wand of flame (48/48)
 C - a wand of digging (8/24)
 D - a wand of digging (13/24)
 E - a wand of enslavement (6/24)
 J - a wand of polymorph (7/24)
 O - a wand of polymorph (7/24)
 W - a wand of iceblast (9/15)
Scrolls
 a - 10 scrolls of identify
 f - 5 scrolls of remove curse {unknown}
 j - 2 scrolls of teleportation
 l - a scroll of enchant weapon
 q - 3 scrolls of amnesia {unknown}
 B - 2 scrolls of fear {unknown}
 F - 2 scrolls of immolation {unknown}
 L - a scroll of random uselessness {unknown}
 N - a scroll of magic mapping {unknown}
Potions
 i - a potion of agility
 m - 2 potions of mutation {unknown}
 p - a potion of resistance {unknown}
 s - a potion of cancellation {unknown}
 u - 3 potions of degeneration {unknown}
 z - 4 potions of flight {unknown}
 A - a potion of might {unknown}
 G - 2 potions of brilliance {unknown}
 I - a potion of haste {unknown}
 K - a potion of magic {unknown}
 S - a potion of berserk rage {unknown}
Books
 c - a book of Changes

   Spells                             Type                      Level
   a - Beastly Appendage              Transmutation                1
   b - Sticks to Snakes               Transmutation                2
   c - Spider Form                    Transmutation/Poison         3
   d - Ice Form                       Ice/Transmutation            4
   e - Blade Hands                    Transmutation                5
 g - a book of Maledictions

   Spells                             Type                      Level
   a - Corona                         Hexes                        1
   b - Ensorcelled Hibernation        Hexes/Ice                    2
   c - Confuse                        Hexes                        3
   d - Tukima's Dance                 Hexes                        3
   e - Dazzling Spray                 Conjuration/Hexes            3
 o - a book of Callings

   Spells                             Type                      Level
   a - Summon Small Mammal            Summoning                    1
   b - Call Imp                       Summoning                    2
   c - Call Canine Familiar           Summoning                    3
   d - Summon Guardian Golem          Hexes/Summoning              3
   e - Summon Lightning Spire         Summoning/Air                4
   f - Summon Ice Beast               Ice/Summoning                4
 x - a book of Cantrips

   Spells                             Type                      Level
   a - Confusing Touch                Hexes                        1
   b - Animate Skeleton               Necromancy                   1
   c - Summon Small Mammal            Summoning                    1
   d - Apportation                    Translocation                1
 R - a book of Debilitation

   Spells                             Type                      Level
   a - Corona                         Hexes                        1
   b - Slow                           Hexes                        2
   c - Inner Flame                    Hexes/Fire                   3
   d - Portal Projectile              Hexes/Translocation          3
   e - Cause Fear                     Hexes                        4
   f - Leda's Liquefaction            Hexes/Earth                  4
 X - a manual of Staves
 Y - a book of Clouds

   Spells                             Type                      Level
   a - Poisonous Vapours              Poison/Air                   2
   b - Mephitic Cloud                 Conjuration/Poison/Air       3
   c - Conjure Flame                  Conjuration/Fire             3
   d - Freezing Cloud                 Conjuration/Ice/Air          6
   e - Ring of Flames                 Charms/Fire                  7
Comestibles
 b - 16 fruits
 d - 4 bread rations
 H - 7 royal jellies


   Skills:
 * Level 8.6 Fighting
 + Level 5.7 Maces & Flails
 * Level 6.9 Dodging
 + Level 9.2 Stealth
 + Level 6.9 Unarmed Combat
 * Level 8.2 Spellcasting
 + Level 6.7 Transmutations
 - Level 3.0 Poison Magic


You had 15 spell levels left.
You knew the following spells:

 Your Spells              Type           Power        Failure   Level  Hunger
a - Beastly Appendage     Tmut           ######       4%          1    None
b - Spider Form           Tmut/Pois      ######....   11%         3    None
c - Animate Skeleton      Necr           N/A          19%         1    None
d - Apportation           Tloc           ###...       19%         1    None
e - Slow                  Hex            ###.....     24%         2    None
f - Confusing Touch       Hex            ###...       19%         1    None
g - Mephitic Cloud        Conj/Pois/Air  ###.....     30%         3    None


Dungeon Overview and Level Annotations

Branches:
Dungeon (11/15)            Temple (0/1) D:4            Lair (1/6) D:11
    Orc (0/2) D:11

Altars:
Cheibriados
Dithmenos
Fedhas
Gozag
Nemelex Xobeh
Qazlal
Ru
Uskayaw
Xom

Shops:
D:4 (   D:5 *

Annotations:
D:9 2 runed doors, exclusion: orange crystal statue
Lair:1 Harold


Innate Abilities, Weirdness & Mutations

You cannot wear boots.
((Your serpentine skin is tough. (AC +4)))
You have supernaturally acute eyesight. (SInv)
((Armour fits poorly on your strangely shaped body.))
((Your system is resistant to poisons. (rPois)))
((You cover ground very slowly.))
You have a slow metabolism.
You can exhale a cloud of poison.
((You have sharp fingernails.))
You are surrounded by a mild repulsion field. (EV +2)
((You are partially covered in slimy green scales. (AC +2)))
You are dopey. (Int -2)
You are frail. (-10% HP)
Your spells are a little harder to cast, but a little more powerful.


Message History

You fail to use your ability.
The yak completely misses you. Harold hits you with a war axe!
You fail to use your ability.
The yak gores you!!
* * * LOW HITPOINT WARNING * * *
You fail to use your ability.
Harold closely misses you. The yak barely misses you.
You fail to use your ability.
The yak gores you!
* * * LOW HITPOINT WARNING * * *
Harold hits you with a war axe!
* * * LOW HITPOINT WARNING * * *
You feel better. The yak completely misses you. Harold completely misses you.
You fail to use your ability.
The yak misses you. Harold hits you but does no damage.
You fail to use your ability.
The yak completely misses you. Harold misses you.
You fail to use your ability.
The yak gores you.
* * * LOW HITPOINT WARNING * * *
You fail to use your ability.
Harold hits you with a war axe.
* * * LOW HITPOINT WARNING * * *
The yak gores you!
You die...

### ####...
#...#.#
#.....##
#......
#....(#
#.....#
#..@Y.###.#.##
###s#.rY@Y....
#...####.....#
#..(. ##...
#..... .
#####.. ...
...# .#.


You could see Harold and a yak.

Vanquished Creatures
  3 two-headed ogres
  2 gargoyles (D:11)
  Psyche (D:8)
  A spiny frog (D:11)
  2 hornets (D:8)
  2 trolls (D:11)
  A hippogriff (D:10)
  10 yaks
  2 wyverns
  A steam dragon (D:10)
  A warg (D:11)
  Grum (D:10)
  Menkaure (D:4)
  An acid dragon (D:11)
  2 soldier ants (D:8)
  5 porcupines
  2 orc warriors
  A black bear (D:7)
  2 phantoms
  An ice beast (D:9)
  A necrophage (D:10)
  4 sky beasts
  3 wolves (D:10)
  4 centaurs
  5 ogres
  2 crocodiles (D:11)
  4 big kobolds
  Blork the orc (D:5)
  3 gnoll sergeants
  8 bullfrogs
  7 scorpions
  3 killer bees (D:8)
  2 wights (D:11)
  2 howler monkeys
  8 crimson imps
  A bullfrog zombie (D:4)
  A centaur zombie (D:7)
  A quasit (D:10)
  A centaur skeleton (D:4)
  5 orc priests
  2 jellies
  Crazy Yiuf (D:3)
  5 hounds
  9 orc wizards
  An iguana (D:11)
  7 worker ants
  2 hound zombies
  A howler monkey zombie (D:5)
  A worker ant zombie (D:5)
  19 gnolls
  13 adders
  5 shadow imps
  3 adder skeletons
  7 worms
  3 dart slugs
  8 leopard geckos
  50 orcs
  4 ball pythons
  3 bats
  7 giant cockroaches
  4 hobgoblins
  11 jackals
  19 kobolds
  2 quokkas
  3 frilled lizards
  A giant cockroach zombie (D:6)
  7 goblins
  A jackal skeleton (D:7)
  A quokka zombie (D:10)
  6 rats
314 creatures vanquished.

Vanquished Creatures (collateral kills)
  A two-headed ogre (D:10)
  A wyvern (D:10)
  A phantom (D:10)
  3 wights (D:11)
  A crimson imp (D:11)
  3 kobolds (D:11)
  A fungus (D:11)
  2 plants (D:11)
13 creatures vanquished.

Vanquished Creatures (others)
  3 fungi (D:11)
  8 plants
11 creatures vanquished.

Grand Total: 338 creatures vanquished

Notes
Turn   | Place    | Note
-------+----------+-------------------------------------------
     0 | D:1      | roguesci the Naga Transmuter began the quest for the Orb.
     0 | D:1      | Reached XP level 1. HP: 18/18 MP: 3/3
   333 | D:1      | Reached XP level 2. HP: 24/25 MP: 3/5
   875 | D:1      | Reached XP level 3. HP: 28/31 MP: 4/6
   893 | D:1      | Learned a level 3 spell: Spider Form
  1817 | D:2      | Reached XP level 4. HP: 34/39 MP: 0/7
  1956 | D:3      | Reached skill level 1 in Poison Magic
  2320 | D:3      | Reached skill level 1 in Stealth
  2320 | D:3      | Reached XP level 5. HP: 45/45 MP: 4/9
  2326 | D:3      | Found a stormy altar of Qazlal.
  2804 | D:3      | Found a runed door.
  3034 | D:3      | Noticed Crazy Yiuf
  3042 | D:3      | Killed Crazy Yiuf
  3217 | D:4      | Noticed an ogre
  3408 | D:3      | Killed an ogre
  3408 | D:3      | Reached XP level 6. HP: 10/55 MP: 4/10
  3709 | D:4      | Found a blossoming altar of Fedhas.
  3712 | D:4      | Found a shimmering altar of Xom.
  3713 | D:4      | Found a shadowy altar of Dithmenos.
  3715 | D:4      | Found a snail-covered altar of Cheibriados.
  3716 | D:4      | Found a hide-covered altar of Uskayaw.
  3716 | D:4      | Found a sparkling altar of Nemelex Xobeh.
  3738 | D:4      | Became a worshipper of Cheibriados the Contemplative
  3807 | D:4      | Found a staircase to the Ecumenical Temple.
  3834 | D:4      | Reached skill level 2 in Stealth
  3874 | D:4      | Found Hamn's Weapon Emporium.
  3945 | D:4      | Found an opulent altar of Gozag.
  4034 | D:4      | Reached XP level 7. HP: 59/62 MP: 5/11
  4152 | D:4      | Reached skill level 3 in Stealth
  4351 | D:4      | Noticed Menkaure
  4361 | D:4      | Killed Menkaure
  4361 | D:4      | Reached skill level 1 in Maces & Flails
  5145 | D:5      | Entered Level 5 of the Dungeon
  5362 | D:5      | Noticed Blork the orc
  5373 | D:5      | Killed Blork the orc
  5373 | D:5      | Reached XP level 8. HP: 48/70 MP: 12/14
  5492 | D:5      | Found Bukusom's Assorted Antiques.
  5821 | D:5      | Reached * piety under Cheibriados
  5963 | D:5      | Reached skill level 4 in Stealth
  6165 | D:5      | Got a smoking scale mail
  6684 | D:5      | Reached ** piety under Cheibriados
  7100 | D:6      | Gained mutation: You have an increased reservoir of magic. (+10% MP) [mutagenic meat]
  7101 | D:6      | Gained mutation: Your tail ends in a poisonous barb. [mutagenic meat]
  7102 | D:6      | Gained mutation: You are frail. (-10% HP) [mutagenic meat]
  7103 | D:6      | Lost mutation: You have an increased reservoir of magic. (+10% MP) [mutagenic meat]
  7104 | D:6      | Gained mutation: You are surrounded by a mild repulsion field. (EV +2) [mutagenic meat]
  7105 | D:6      | Lost mutation: Your tail ends in a poisonous barb. [mutagenic meat]
  7201 | D:6      | Reached XP level 9. HP: 60/71 MP: 16/16
  7273 | D:6      | Reached skill level 5 in Spellcasting
  7415 | D:6      | Reached skill level 5 in Stealth
  7418 | D:6      | Gained mutation: You can exhale a cloud of poison. [mutagenic meat]
  7419 | D:6      | Gained mutation: You tend to lose your temper in combat. [mutagenic meat]
  7922 | D:7      | Reached *** piety under Cheibriados
  7976 | D:7      | Reached skill level 5 in Fighting
  8077 | D:7      | Found a sacrificial altar of Ru.
  8448 | D:7      | Lost mutation: You tend to lose your temper in combat. [mutagenic meat]
  8449 | D:7      | Gained mutation: Your spells are a little harder to cast, but a little more powerful. [mutagenic meat]
  8450 | D:7      | Gained mutation: You are dopey. (Int -2) [mutagenic meat]
  8451 | D:7      | Gained mutation: You have sharp fingernails. [mutagenic meat]
  8452 | D:7      | Gained mutation: You are partially covered in slimy green scales. (AC +2) [mutagenic meat]
  8829 | D:8      | Reached **** piety under Cheibriados
  8902 | D:8      | Reached skill level 5 in Dodging
  8902 | D:8      | Reached skill level 6 in Stealth
  8902 | D:8      | Reached skill level 5 in Unarmed Combat
  8902 | D:8      | Reached skill level 5 in Transmutations
  8903 | D:8      | Noticed a hornet
  9022 | D:8      | Noticed Psyche
  9036 | D:8      | Killed Psyche
  9036 | D:8      | Reached XP level 10. HP: 48/81 MP: 17/19
  9090 | D:8      | Identified the +3 scale mail of Compression {rF+ Dex+3} (You found it on level 5 of the Dungeon)
  9205 | D:8      | Paralysed by a hornet for 2 turns
  9209 | D:8      | HP: 4/81 [soldier ant (11)]
 10182 | D:9      | Reached skill level 7 in Stealth
 10465 | D:9      | Found a runed door.
 10475 | D:9      | Found a runed door.
 10490 | D:9      | Noticed an orange crystal statue
 11183 | D:9      | Reached ***** piety under Cheibriados
 11510 | D:5      | Bought a thick metal-bound book for 495 gold pieces
 11512 | D:5      | Learned a level 1 spell: Animate Skeleton
 11514 | D:5      | Learned a level 1 spell: Apportation
 11517 | D:5      | Learned a level 2 spell: Slow
 11525 | D:5      | Learned a level 1 spell: Confusing Touch
 11849 | D:10     | Entered Level 10 of the Dungeon
 11960 | D:10     | Noticed a two-headed ogre
 11971 | D:10     | Killed a two-headed ogre
 12215 | D:10     | Noticed Grum
 12225 | D:10     | Killed Grum
 12240 | D:10     | Reached XP level 11. HP: 69/90 MP: 21/21
 12383 | D:10     | Reached skill level 5 in Maces & Flails
 12384 | D:10     | Noticed a two-headed ogre
 12415 | D:10     | Killed a two-headed ogre
 13029 | D:10     | Reached skill level 8 in Stealth
 13117 | D:10     | Noticed a two-headed ogre
 13128 | D:10     | Killed a two-headed ogre
 13362 | D:11     | Reached ****** piety under Cheibriados
 13396 | D:11     | Found a staircase to the Lair.
 13707 | D:11     | Learned a level 3 spell: Mephitic Cloud
 13736 | D:11     | Found a staircase to the Orcish Mines.
 14520 | D:11     | Noticed a two-headed ogre
 14538 | D:11     | Killed a two-headed ogre
 14538 | D:11     | Reached skill level 9 in Stealth
 14614 | Lair:1   | Entered Level 1 of the Lair of Beasts
 14624 | Lair:1   | Reached XP level 12. HP: 100/100 MP: 20/24
 14626 | Lair:1   | Noticed Harold
 14885 | Lair:1   | HP: 1/100 [Harold/war axe (15)]
 14890 | Lair:1   | HP: 4/100 [Harold/war axe (3)]
 14890 | Lair:1   | Mangled by a yak

Skill      XL: |  1  2  3  4  5  6  7  8  9 10 11 |
---------------+----------------------------------+-----
Poison Magic   | 1 2 3 |  3.0
Fighting       | 2 3 4 5 7 8 |  8.6
Dodging        | 2 3 4 5 6 |  6.9
Stealth        | 1 2 3 4 6 7 9 |  9.2
Transmutations | 3 4 5 6 |  6.7
Spellcasting   | 3 4 6 7 8 |  8.2
Maces & Flails | 1 2 4 5 |  5.7
Unarmed Combat | 4 5 6 |  6.9

Action                   |  1- 3 |  4- 6 |  7- 9 | 10-12 || total
-------------------------+-------+-------+-------+-------++-------
Melee: Unarmed           |   120 |    62 |   134 |   150 ||   466
       Headbutt          |     9 |     2 |       |       ||    11
       Whip              |       |    30 |   228 |   272 ||   530
       Punch             |       |       |     4 |    14 ||    18
Throw: Stone             |     1 |     9 |    20 |     7 ||    37
 Cast: Beastly Appendage |    19 |     1 |       |       ||    20
       Spider Form       |     4 |     8 |    18 |    16 ||    46
       Animate Skeleton  |       |       |       |    19 ||    19
       Mephitic Cloud    |       |       |       |     4 ||     4
       Slow              |       |       |       |     2 ||     2
Invok: Slouch            |       |       |       |     2 ||     2
 Abil: Spit Poison       |     3 |     1 |     7 |       ||    11
       End Transformatio |       |     3 |     1 |     1 ||     5
       Breathe Poison Ga |       |       |       |    11 ||    11
  Use: Scroll            |       |     7 |       |       ||     7
       Potion            |       |       |       |     9 ||     9
 Stab: Sleeping          |     1 |     6 |    11 |     4 ||    22
       Distracted        |       |       |       |     5 ||     5
  Eat: Chunk             |     3 |     3 |    21 |     1 ||    28
       Fruit             |       |     2 |       |       ||     2
       Bread ration      |       |     1 |       |       ||     1
       Royal jelly       |       |       |     4 |     3 ||     7
       Meat ration       |       |       |       |     1 ||     1
Armor: Robe              |    36 |     9 |    55 |       ||   100
       Skin              |     2 |     5 |     9 |     1 ||    17
       Scale mail        |       |       |       |   103 ||   103
Dodge: Dodged            |    82 |    47 |   282 |   468 ||   879
